[Event "Washington Class Championships"]
[Site "Chess.com"]
[Date "2020.11.29"]
[Round "6"]
[White "Valentin Razmov (Coach_Valent"]
[Black "Sophie Szeto (sls701)"]
[Result "1/2-1/2"]
[ECO "D35"]
[WhiteElo "1986"]
[BlackElo "1755"]
[Annotator "Valentin Razmov"]
[PlyCount "82"]
[EventDate "2020.??.??"]
[TimeControl "5400+30"]

{This was a last round game in the Class A/B section, where both players were
in contention for 1st place. White needed a win, whereas for Black even a draw
would suffice.} 1. d4 d5 2. c4 e6 3. Nc3 Nf6 4. cxd5 exd5 5. Bg5 Be7 6. e3 h6 {
The Exchange variation of Queen's Gambit Declined has been a common guest at
tournaments on all levels in recent years.} 7. Bh4 O-O 8. Bd3 b6 9. Nge2 {
The so-called Botvinnik variation, in which White forgoes the option to land a
knight on e5 in return for an attempt to organize a push through the center
via f3 & e4, in the proper moment. Instead, 9.Nf3 is quite playable and also
normal in this position.} Bb7 10. O-O Nbd7 11. f3 (11. Rc1 {has been a more
frequent choice in recent years among master-level players, with White scoring
well.}) 11... c5 {Black's plan is to organize queen-side pressure led by their
3-vs-2 pawn majority, where the c-pawn goes c7-c5-c4, unless White exchanges
on c5 allowing hanging pawns on c5-d5. White's plan in this line is to press
in the center and on the king-side.} 12. Rc1 Re8 13. Bf2 a6 14. Ng3 {The last
move in this game, known to the opening databases. White's idea is to prepare
e3-e4, while not dismissing the possibility to organize an attack starting
with Ng3-Nf5.} Bd6 {A logical novelty. The position is balanced.} 15. Nf5 {
The knight felt invited and also curious where the bishop will go next.} Bc7 (
15... Bf8 {is more natural. Black likely chose the alternative 15...Bc7 with
an idea to create counter-pressure along the h2-b8 diagonal, perhaps even
causing White to weaken their king-side pawn structure.}) 16. Re1 {Taking over
the support of the e3-pawn from the bishop, so that the latter can meet the
anticipated black battery along the h2-b8 diagonal.} (16. Bb1 {was another
valid idea, stepping back from being chased by c5-c4. Alternatively, there is
also 16. b3, preventing c5-c4 for the time being.}) 16... Qb8 17. Bg3 {Both 17.
h3 and 17. g3 felt like they might be too (unnecessarily) weakening or
limiting for White's position. However, the downside of 17. Bg3 is that it is
more reactive, letting Black dictate the agenda and relieving some of the
pressure (via the bishop exchange) from Black's relatively limited space.} Bxg3
18. Nxg3 Qc7 19. Qd2 Rad8 20. Qf2 c4 21. Bb1 b5 22. a3 {Both sides are
carefully maneuvering, awaiting the right moment to step up the action.} Nb8 {
Reassigning the knight to c6, from where it will press on the d4-pawn and help
against White's ideas for e3-e4. Hence, White felt the need to act now with
the center push, rather than to continue preparing it with 23. Rcd1 Nc6 24. h3.
} 23. e4 dxe4 24. fxe4 $6 {Perhaps not the best recapture, as the central
pawns can be attacked and blockaded. But White never really questioned the
idea of having two connected central pawns as a prelude to a desired king-side
attack. This is also where the calm positional game ends, and the open clash
begins.} Ng4 $2 {In general, the central pawn thrust succeeds if Black cannot
meet it with a challenge to the center via c7-c5 and/or Nf6-Ng4, attacking
White's weak areas such as the e3-square and the h2-pawn. Yet the immediate 24.
.. Ng4 does not accomplish anything useful for Black. Instead...} (24... Qb6 $1
{was promising Black a better game:} 25. d5 (25. Rcd1 Ng4 26. Qd2 Nc6 {and
White's central pawns are experiencing considerable pressure}) 25... Qxf2+ 26.
Kxf2 Ng4+ 27. Kg1 Nd7 {⩱}) 25. Qf3 Nf6 {Admitting the loss of two tempi.} 26.
Nf5 {White senses a moment to start an attack.} Nbd7 $6 ({Paradoxically at a
glance, giving up a king-side pawn (temporarily) would have been a better
option for Black:} 26... g6 27. Nxh6+ Kg7 28. Qe3 Rh8 29. e5 Nh5 30. Ng4 {
- after} Qd7 {the pawn is regained, while the position remains highly
complicated.}) 27. Rcd1 Kh8 $2 {The first, and thankfully for Black, only
serious mistake in this game.} (27... g6 $1 {was again an excellent
continuation for Black, capitalizing on the instability of White's center in
contrast with Black's active pieces, e.g.,} 28. Nxh6+ Kg7 29. Ng4 Nxg4 30. Qxg4
Qb6 {with the idea to pressure both central pawns, as Black threatens both
Nd7-Nf6 and Nd7-Ne5-Nd3}) 28. Qh3 {The maneuver Qf3-Qf2-Qh4 is even stronger
for White, coupled with the threat of sacrificing a knight on h6 and opening
the bishop's diagonal via e4-e5. One difference between 28.Qf2 and 28.Qh3,
showing up deep in some lines, is that with a queen on f2, the white king is
covered, so there are no intermediate checks by the black queen when the
d4-pawn starts rolling.} (28. Qf2 Re6 29. e5 Ne8 {and after Nf5-Ne3-Ng4
White's e5-pawn is well defended, so d4-d5 is possible and strong, winning the
exchange.}) 28... Re6 29. e5 Ne8 30. Ne4 $6 {With the well known idea to
\"bring more pieces to the party\", while counting on Black not to touch the
knight since Black's bishop looks so well on the long diagonal.} (30. Rf1 {
was stronger - improving the position of the rook, while pressing on f7.})
30... Rg6 $6 ({But what if Black eliminates that knight?} 30... Bxe4 31. Bxe4
Nxe5 $1 {The idea of Black giving up a piece for these central pawns while
retaining pressure on the remaining pieces and pawns somehow did not occur to
White during the game. Around this point (after move 30), the clock time
starts to affect decisions -- in this complex position, White had 17 minutes
left, while Black had around 27.} 32. dxe5 Qc5+ $1 {The order of moves matters
a lot, since the queen wants to step on e5 while still threatening b2, i.e.,
without a White piece on d4 covering the main diagonal} (32... Rxd1 $6 33. Rxd1
Qc5+ (33... Qxe5 34. Nd4 Qxe4 35. Nxe6 Qe2 36. Rf1 fxe6 37. Qc3 {±}) 34. Rd4
Rxe5 35. Qe3 {±}) 33. Qe3 Rxd1 34. Rxd1 Qxe5 35. Rd8 $1 Qxb2 36. Nd6 Qa1+ 37.
Kf2 Qf6+ {and Black has good drawing chances with three pawns for the piece
and an exposed white king.}) 31. Nh4 Rb6 32. Ng5 {Black's pieces look visually
disorganized, but in practice it's not easy to see how to break through the
defenses, especially in a low time situation. White spent 5 minutes looking
for a decisive continuation and in finding none decided to just keep bringing
pieces to the party. :-)} (32. Qf5 Nf8 {was another way to play, still with
Black holding the defense on the edge.}) 32... Nf8 {Obviously not falling for
the obvious (and pretty) checkmate trap: 32... hxg6?? 33. Ng6+ Kg8 34. Qh8#}
33. Rf1 Bd5 {Black keeps finding the best defensive moves! The bishop
blockades the d4-pawn and defends the f7-square, all while staying on its
active main diagonal.} 34. Nf5 Kg8 35. Ne4 Ng6 36. Nfd6 $2 {With just 7
minutes left (versus 17 for the opponent) and no decisive attack in sight,
White decides to try a different approach - landing one of the knights on the
outpost square d6, hoping the cut Black's defensive resources in two disjoint
units, while still pressing on f7. However, this move leads to simplifications,
which favor Black.} (36. Ne3 {would have instead kept the position complex and
White's attack ongoing.}) 36... Nxd6 37. Nxd6 Ne7 {Remaining flexible, while
preparing to trade White's knight via Ne7-Nc8.} (37... Rbxd6 38. exd6 Rxd6 {
would have been a fine way to keep the defense strong, yet it would have felt
like a small concession - and a psychological boost for White - to give up the
exchange. Objectively, the resulting position is close to equal.}) 38. Bf5 $6 {
Attempting to prevent Ne7-Nc8 in order to maintain the strong knight outpost.
But this move gives up all of White's small remaining advantage, as Black
continues to simplify effectively.} Nxf5 39. Qxf5 Rf8 {If Black were to play
more ambitiously, they could try 39... b4 instead, since White's king-side
attack is going nowhere and there are fewer pieces (and little time left) to
organize a good defense on the queen-side. But at this point it was clear that
a draw would suffice for Black to share 1st place in the tournament, and
having survived White's attack Black may have felt uneasy about asking for
more.} 40. Rf4 {Mindful not to \"burn bridges\" back to safety, White tries
one last chance.} Qd8 {Black maintains a cool-headed approach and goes for
further simplifications.} (40... b4 $5 41. axb4 Rxb4 42. Ne4 Bxe4 43. Qxe4 Rxb2
44. e6 f6 45. d5 c3 46. e7 Re8 47. d6 Qc5+ 48. Kh1 c2 49. Qe6+ $1 Kh7 $1 50.
Rc1 Rb1 51. Rff1 Rxc1 52. Rxc1 Qd4 $1 53. h3 Qd2 54. Rxc2 Qxc2 55. d7 Qb1+ 56.
Kh2 Qb8+ {would have been a sharp, nearly all forced, and still peaceful
ending - by perpetual check - to this exciting game!}) 41. Rc1 Qg5 {Game drawn
by agreement Effectively forcing queen exchanges and offering a draw that
White could not refuse with 2:30 left on the clock. White's enterprising
attacking effort met an equally resourceful and solid defense by Black - the
main claim to brilliancy of this game - and the resulting draw was well
deserved.} ({After} 41... Qg5 42. Rc2 Rxd6 $1 43. exd6 Qxf5 44. Rxf5 Be4 45.
Rc5 $1 Bxc2 46. d7 Bf5 47. Rxf5 Rd8 48. Rd5 Kf8 49. Rd6 Ke7 50. Rxa6 Rxd7 51.
Rb6 Rd5 52. Kf2 {the rook endgame is almost certainly drawn.}) 1/2-1/2

[Event "WA Winter Classic"]
[Site "Chess.com"]
[Date "2020.12.26"]
[Round "1"]
[White "Bell, Harry"]
[Black "Lenderman, Aleksandr"]
[Result "0-1"]
[ECO "A88"]
[WhiteElo "2000"]
[BlackElo "2704"]
[Annotator "Aleksandr Lenderman"]
[PlyCount "72"]
[EventDate "2020.??.??"]
[TimeControl "2700+5"]

1. Nf3 {In round 1 I am playing an experienced player, Heath Bell,
rated 2000. I've played him before twice where I did not have easy games.
Therefore, I decided to spice it up this time, playing a more dynamic Dutch
defense.} f5 2. c4 Nf6 3. Nc3 g6 (3... e6 {This move is also logical,
transposing into the Stonewall Dutch, where the knight on c3 isn't always well
placed.} 4. g3 d5 5. d4 c6) 4. d4 Bg7 5. g3 {One of the main lines against the
Leningrad Dutch.} O-O 6. Bg2 d6 7. O-O c6 {The new main line.} (7... Qe8 {
Is the old main line.}) (7... Nc6 {This is also an interesting move which
Hikaru Nakamura used to beat Jeffrey Xiong to become the US Champion in 2019.})
8. d5 e5 9. dxe6 Bxe6 10. Bf4 $6 (10. b3 {This is the main line here. The
point is that white should not be afraid of Ne4 because of...} Ne4 11. Nxe4
Bxa1 (11... fxe4 12. Nd4 $14) 12. Nxd6 {And white has huge compensation for
the exchange as black's pieces are loose and discoordinated.}) 10... Bxc4 11.
Qxd6 Qxd6 12. Bxd6 Re8 {Here I have a comfortable position.} 13. Rfe1 $6 (13.
Ne5 {This is the move I expected, after which the position is still around
equal.}) 13... Ne4 {Now I am seizing the initiative.} 14. Nxe4 fxe4 15. Ng5 (
15. Nd2 Bd5 16. Red1 $15 {Was perhaps lesser of the evil.}) 15... Bd5 16. Rac1
$2 {I wasn't sure what was the purpose of this move. Besides, it just loses a
pawn. White should probably try to create immediate counterplay with f3.} (16.
f3 exf3 17. exf3 {Creating counterplay along the e-file}) 16... h6 17. Nh3 Bxa2
18. b4 a6 $2 {A knee-jerk reaction since I already relaxed a bit too early up
a pawn with a better game. I wanted to stop b5 and keep lines closed. However,
now white can surprisingly make my life hard with...} (18... Na6 {Completing
development and attacking the b4 pawn was the best course of action here.} 19.
b5 cxb5) 19. Red1 $6 {Missing the best practical chance.} (19. Nf4 $1 Bf7 20.
Bh3 $1 {And now, it is hard for me to actually complete my development. Black
should still be winning but it's not nearly as winning as it could've been.})
19... Nd7 20. Bc7 Nf6 21. f3 Nd5 22. Bd6 exf3 23. Bxf3 Bb2 {And this wins the
exchange.} 24. Rc2 Bb3 25. Rxd5 Bxc2 26. Rd2 Rad8 {The tactics work out for me.
} 27. Rxc2 Bd4+ 28. Kg2 Rxd6 {The rest is a matter of technique as they say :)}
29. Nf4 Re3 30. Nd3 Kg7 31. Nf4 Rb3 32. Rc4 Kf7 33. Be4 Rc3 {I saw he can play
Bxg6+ but I wasn't worried about it since I saw that I force a rook trade, win
the b-pawn and will just promote the pawns on the queenside.} 34. Bxg6+ Ke7 35.
Bd3 b5 36. Rxc3 Bxc3 {AlexanderL won by resignation. A good start for me.} 0-1

[Event "WA Winter Classic"]
[Site "Chess.com"]
[Date "2020.12.26"]
[Round "2"]
[White "Lenderman, Aleksandr"]
[Black "Shubin, Daniel"]
[Result "1-0"]
[ECO "D36"]
[WhiteElo "2704"]
[BlackElo "2161"]
[Annotator "Aleksandr Lenderman"]
[PlyCount "105"]
[EventDate "2020.??.??"]
[TimeControl "2700+5"]

{[%evp 0,105,29,20,20,-11,0,4,6,-15,-11,7,0,-19,16,19,23,30,51,33,40,35,54,60,
63,38,159,158,167,160,160,160,177,162,193,204,198,207,200,188,200,186,215,208,
200,205,211,220,267,217,210,218,246,237,233,208,211,214,214,212,280,253,262,
256,259,260,259,259,289,286,311,311,324,350,378,378,404,428,460,498,1048,1065,
1065,1130,1133,1105,1496,1694,2108,2537,2598,29986,29987,29980,29981,29986,
29987,29988,29991,29992,29993,29994,29995,29996,29997,29998,29999,-30000] In
the 2nd round I am playing a promising young player, Daniel Shubin, who came
very close to drawing me in a July event. I was also beaten by his coach,
Georgi Orlov in a May event. Therefore, I took this game seriously and wasn't
going to be messing around :)} 1. d4 d5 2. c4 e6 3. Nc3 Nf6 4. cxd5 exd5 5. Bg5
c6 6. Qc2 Be7 7. e3 O-O 8. Bd3 Nbd7 9. Nf3 Re8 10. h3 Nf8 11. O-O {I saw he
was playing this line all the time on chess.com so I was able to prepare a bit
here.} Ng6 (11... g6 {This is probably slightly more common.}) 12. Ne5 {
I knew that this is probably a slight advantage for me, but this was the
extent of my preparation. However, here my opponent helped me out by
blundering a relatively simple tactic immediately.} Qc7 $4 {That was a bit
unexpected :)} 13. Bxf6 Bxf6 14. Nxd5 Qd6 15. Nxf6+ Qxf6 16. f4 {Now I'm up a
pawn (central pawn) with a much better position. It's hard for him to even
complete the development.} Nxe5 {He decided to sac the 2nd pawn.} 17. Bxh7+ Kh8
18. dxe5 Qe7 19. Bd3 Be6 20. Qe2 Qh4 21. Qf2 {I thought going into the endgame
is the simplest here.} Qxf2+ {It's also hard for him to resist the endgame.
For example,} (21... Qe7 22. f5 Bd5 23. f6 Qxe5 24. Qh4+ {Is a quick mating
attack.}) 22. Kxf2 Rad8 23. Rfd1 Rd7 24. Be2 Red8 25. b3 Kg8 26. Rxd7 Rxd7 27.
Rd1 {Two pawns up, of course I just force trades. Black is just lost.} Rxd1 28.
Bxd1 Kf8 29. e4 f5 30. exf5 Bxf5 31. b4 Be6 32. a3 b6 33. Ke3 c5 34. bxc5 bxc5
35. g4 Ke7 36. h4 a5 37. f5 Bd5 38. g5 Kf7 39. h5 Ke7 40. h6 gxh6 41. gxh6 Bg8
42. Bh5 Bh7 43. Bg6 Bxg6 44. fxg6 Kf8 45. e6 c4 46. Kd4 c3 47. Kxc3 a4 48. h7
Kg7 49. e7 Kxg6 50. h8=Q Kg5 51. e8=Q Kg4 52. Qe4+ Kg3 53. Qhh4# {AlexanderL
won by checkmate} 1-0